 Dungeon Crawl Stone Soup version 0.29.1-13-g9f3cf754e1 (webtiles) character file.

Game seed: 10905267148526741722

961 protoss039 the Digger (level 7, 0/55 HPs)
             Began as a Demonspawn Earth Elementalist on Feb 8, 2023.
             Succumbed to a gnoll's poison
             ... on level 5 of the Dungeon.
             The game lasted 00:06:20 (5278 turns).

protoss039 the Digger (DsEE)                        Turns: 5278, Time: 00:06:21

Health: 0/55       AC:  4    Str: 17    XL:     7   Next: 92%
Magic:  13/13      EV: 12    Int: 18    God:
Gold:   202        SH:  0    Dex: 13    Spells: 9/15 levels left

rFire   . . .      SeeInvis .   k - +4 spear of the Ship {freeze, Drain Str+8}
rCold   . . .      Faith    .   (no shield)
rNeg    . . .      Spirit   .   a - +0 robe
rPois   .          Reflect  .   e - +0 helmet
rElec   .          Harm     .   o - +0 cloak
rCorr   .          Rampage  .   (no gloves)
Will    .....                   (no boots)
Stlth   ++........              (no amulet)
HPRegen 0.18/turn               (no ring)
MPRegen 0.13/turn               (no ring)

@: brilliant, lethally poisoned (0 -> -10), attractive, hasted, studying Axes,
very quick
A: powered by pain 1, demonic magic 1, weakness stinger 1
a: no special abilities


You were on level 5 of the Dungeon.
You visited 2 branches of the dungeon, and saw 6 of its levels.

You collected 202 gold pieces.

Inventory:

Hand Weapons
 k - the +4 spear of the Ship (weapon) {freeze, Drain Str+8}
   (You found it on level 3 of the Dungeon)

   It freezes those it strikes, dealing additional cold damage.
   It can also slow down cold-blooded creatures.
   Str:       It affects your strength (+8).
   Drain:     It drains your maximum health when unequipped.
Missiles
 r - a throwing net
Armour
 a - a +0 robe (worn)
 e - a +0 helmet (worn)
 o - a +0 cloak (worn)
Wands
 t - a wand of iceblast (6)
Scrolls
 f - a scroll of identify
 h - a scroll of fog {unknown}
 m - a scroll of silence {unknown}
 q - a scroll of fear {unknown}
 s - a scroll of teleportation {unknown}
 u - a scroll of noise {unknown}
Potions
 b - a potion of magic
 d - 2 potions of attraction
 g - a potion of mutation {unknown}
 i - 2 potions of haste
 j - a potion of experience {unknown}
 l - a potion of flight {unknown}
 n - a potion of might {unknown}
 p - a potion of brilliance


   Skills:
 + Level 4.4 Fighting
 - Level 1.7 Dodging
 - Level 1.7 Stealth
 + Level 4.6 Spellcasting
 + Level 3.8 Conjurations
 - Level 0.8 Transmutations
 + Level 5.0 Earth Magic


You had 9 spell levels left.
You knew the following spells:

 Your Spells              Type           Power      Damage    Failure   Level
a - Sandblast             Erth           66%        2d15      1%          1
b - Passwall              Tmut/Erth      18%        N/A       6%          2
c - Stone Arrow           Conj/Erth      60%        3d10      7%          3

Your spell library contained the following spells:

 Spells                   Type           Power      Damage    Failure   Level
 Petrify                  Tmut/Erth      22%        N/A       38%         4


Dungeon Overview and Level Annotations

Branches:
Dungeon (5/15) Zot: 24742  Temple (1/1) D:4 Zot: 5935

Altars:
Ashenzari
Fedhas
Hepliaklqana
Makhleb
Nemelex Xobeh
Okawaru
Qazlal
Sif Muna
Trog
Uskayaw
Wu Jian
Xom
Yredelemnul

Shops:
D:4 (   D:5 [


Innate Abilities, Weirdness & Mutations

You sometimes gain a little power by taking damage.
Spells you cast may paralyse adjacent enemies.
You have a small tail.


Message History

* * * LOW HITPOINT WARNING * * *
The gnoll is attracted toward you.
Unknown command.
You feel much better.
You feel sick. The gnoll misses you.
The gnoll hits you from afar with a +0 spear.
The gnoll is attracted toward you.
Unknown command.
Unknown command.
Unknown command.
It was a potion of haste.
You feel yourself speed up.
Your attacks no longer feel as feeble.
You feel sick.
The gnoll bouda hits you with a +0 club.
The gnoll hits you with a +1 spear of venom.
You are more poisoned.
The gnoll barely misses you.
Unknown command.
Unknown command.
Unknown command.
Okay, then.
* * * LOW HITPOINT WARNING * * *
You feel very sick.
The gnoll bouda barks out a call to the hunt!
The gnolls pick up the pace!
The gnoll hits you from afar with a +1 spear of venom.
* * * LOW HITPOINT WARNING * * *
The gnoll bouda is attracted toward you.
The gnoll is attracted toward you. x2
Unknown command.
Unknown command.
* * * LOW HITPOINT WARNING * * *
You feel sick.
The gnoll hits you from afar with a +1 spear of venom!
* * * LOW HITPOINT WARNING * * *
The gnoll is attracted toward you. x2
Unknown command.
Unknown command.
It was a potion of brilliance.
You feel clever all of a sudden.
You die...

###### #########....# #####
#.......#....# #...#
#.......'....# #...#
#.......#....# #§..#
#...##..#....#####§########
#...##..#........§§........
#...##..#.......gg.....^...
#...##..#......@g..........
#.......#..................
#.......#..................
#.......#....#+#######.....
#...###'#....'...#...#.....
#...##..#....#...#...#.....
#.......#....#...##..#
#.......#....######..#
#.......#....#....'..#


You could see a gnoll bouda and 2 gnolls.

Vanquished Creatures
  3 ogres
  2 phantoms (D:5)
  2 scorpions
  2 hounds
  Jessica (D:3)
  3 iguanas
  Robin (D:3)
  9 adders
  8 gnolls
  A white imp (D:4)
  4 ufetubi
  A worm (D:4)
  2 dart slugs
  7 ball pythons
  5 endoplasms
  2 giant cockroaches
  14 goblins
  6 hobgoblins
  4 quokkas
  2 bats (D:2)
  6 frilled lizards
  3 kobolds (D:2)
  11 rats
99 creatures vanquished.

Notes
Turn   | Place    | Note
-------+----------+-------------------------------------------
     0 | D:1      | protoss039 the Demonspawn Earth Elementalist began the
                  | quest for the Orb.
     0 | D:1      | Reached XP level 1. HP: 13/13 MP: 3/3
   460 | D:1      | Gained mutation: You sometimes gain a little power by
                  | taking damage. [demonic ancestry]
   460 | D:1      | Reached XP level 2. HP: 18/20 MP: 0/5
   518 | D:1      | Reached skill level 1 in Fighting
  1049 | D:1      | Learned a level 2 spell: Passwall
  1056 | D:2      | Reached skill level 3 in Earth Magic
  1196 | D:2      | Reached XP level 3. HP: 26/26 MP: 4/6
  1785 | D:2      | Reached XP level 4. HP: 29/33 MP: 5/8
  1969 | D:3      | Learned a level 3 spell: Stone Arrow
  2123 | D:3      | Noticed Jessica
  2125 | D:3      | Killed Jessica
  2181 | D:3      | Identified the +4 spear of the Ship {freeze, Drain Str+8}
  2199 | D:3      | Noticed an ogre
  2213 | D:3      | HP: 1/34 [ogre/+0 giant spiked club (20)]
  2214 | D:3      | Killed an ogre
  2215 | D:3      | Reached skill level 1 in Conjurations
  2215 | D:3      | Gained mutation: You have a small tail. [demonic ancestry]
  2215 | D:3      | Reached XP level 5. HP: 2/39 MP: 3/9
  2465 | D:3      | Noticed Robin
  2469 | D:3      | Killed Robin
  2809 | D:3      | Gained mutation: Spells you cast may paralyse adjacent
                  | enemies. [demonic ancestry]
  2809 | D:3      | Reached XP level 6. HP: 42/47 MP: 11/11
  2813 | D:3      | Reached skill level 4 in Earth Magic
  3125 | D:4      | Found Hyiti's Weapon Emporium.
  3378 | D:4      | Found a staircase to the Ecumenical Temple.
  3390 | Temple   | Entered the Ecumenical Temple
  4313 | D:4      | Reached XP level 7. HP: 44/53 MP: 1/13
  4438 | D:5      | Entered Level 5 of the Dungeon
  4655 | D:5      | Found Vededamm's Armour Shoppe.
  5077 | D:5      | Reached skill level 5 in Earth Magic
  5277 | D:5      | HP: 2/55 [gnoll/+1 spear of venom[a gnoll bouda] (7)]
  5278 | D:5      | Succumbed to a gnoll's poison

Illustrated notes

Levels and vault maps discovered:
D:1:      dpeg_arrival_castle, layout_basic, chequers_serial_rivers_marsh
D:2:      layout_basic
D:3:      layout_basic, lemuel_round_altar, uniq_robin, uniq_jessica
D:4:      layout_loops_ring, minmay_temple_entry_hall, serial_shops, shop
D:5:      layout_gridville, serial_shops, nicolae_shop_window_shopping,
          nicolae_shop_crystal, nicolae_shop_trees
Temple:   eino_temple_lava

Skill      XL: |  1  2  3  4  5  6  7 |
---------------+----------------------+-----
Fighting       | 1 2 3 4 |  4.4
Earth Magic    | 3 4 5 |  5.0
Spellcasting   | 3 4 |  4.6
Conjurations   | 1 2 3 |  3.8
Dodging        | |  1.7
Stealth        | |  1.7
Transmutations | |  0.8

Action                   |  1- 3 |  4- 6 |  7- 9 || total
-------------------------+-------+-------+-------++-------
Melee: Unarmed           |     5 |       |       ||     5
       Dagger            |    31 |    16 |       ||    47
       Punch             |     1 |     1 |       ||     2
       Spear             |       |    87 |    19 ||   106
       Tailslap          |       |     6 |     2 ||     8
 Cast: Sandblast         |    35 |    17 |     8 ||    60
       Stone Arrow       |       |    13 |    15 ||    28
  Use: Scroll            |       |     3 |       ||     3
       Potion            |       |     1 |     5 ||     6
 Stab: Sleeping          |     2 |     4 |       ||     6
       Distracted        |       |     1 |       ||     1
       Paralysed         |       |     3 |     3 ||     6
Armor: Robe              |    15 |    13 |     4 ||    32
Dodge: Dodged            |    41 |    55 |    16 ||   112
